 Dungeon Crawl Stone Soup version 0.24-a0-443-g80245de (webtiles) character file.

Game seed: 15723729086610364597

420 MatthieuS the Slasher (level 7, -1/50 HPs)
             Began as a Human Gladiator on June 21, 2019.
             Slain by an ogre
             ... wielding a +0 giant club
              (22 damage)
             ... on level 4 of the Dungeon.
             The game lasted 00:03:44 (3152 turns).

MatthieuS the Slasher (Human Gladiator)             Turns: 3152, Time: 00:03:44

Health: -1/50      AC:  8    Str: 15    XL:     7   Next: 16%
Magic:  7/7        EV: 11    Int:  8    God:
Gold:   84         SH:  0    Dex: 16    Spells: 6/6 levels left

rFire    . . .     SeeInvis .   a - +0 long sword
rCold    . . .     Gourm    .   (no shield)
rNeg     . . .     Faith    .   n - +0 scale mail
rPois    .         Spirit   .   c - +1 helmet
rElec    .         Reflect  .   (no cloak)
rCorr    .         Harm     .   (no gloves)
MR       .....                  (no boots)
Stlth    ..........             (no amulet)
HPRegen  0.16/turn              (no ring)
MPRegen  0.10/turn              (no ring)

@: no status effects
A: no striking features
a: no special abilities


You were on level 4 of the Dungeon.
You were not hungry.

You visited 1 branch of the dungeon, and saw 4 of its levels.

You collected 84 gold pieces.

Inventory:

Hand Weapons
 a - a +0 long sword (weapon)
Missiles
 d - 3 throwing nets (quivered) {!f}
Armour
 b - a +0 leather armour
 c - a +1 helmet (worn)
 n - a +0 scale mail (worn)
   (You took it off Terence on level 2 of the Dungeon)
Scrolls
 h - a scroll of teleportation {@r4}
 i - 3 scrolls of immolation {!r}
 m - a scroll of amnesia {unknown}
 o - a scroll of remove curse {@r2}
Potions
 g - a potion of ambrosia
 j - 5 potions of curing {@q1}
 k - a potion of might {unknown}
 l - a potion of flight {unknown}
 p - a potion of magic {unknown}
Comestibles
 e - 6 rations
 f - 2 chunks of flesh


   Skills:
 - Level 2.0 Fighting
 + Level 7.6 Long Blades
 - Level 2.0 Throwing
 - Level 3.0 Dodging


You had 6 spell levels left.
You didn't know any spells.
Your spell library was empty.

Dungeon Overview and Level Annotations

Branches:
Dungeon (4/15)
 Temple: D:4-7

Altars:
Cheibriados
Kikubaaqudgha
Nemelex Xobeh
Qazlal

Annotations:
D:3 Purgy


Message History

The hound misses you.
You riposte.
You slash the hound!
The bullfrog skeleton barely misses you.
An orc comes into view. It is wielding a +0 dagger.
The hound bites you but does no damage.
An orc comes into view. It is wielding a +0 dagger.
The bullfrog skeleton hits you but does no damage.
The orc shouts!
You slash the hound!
You kill the hound!
The bullfrog skeleton completely misses you.
You riposte.
You slash the bullfrog skeleton! You hit the bullfrog skeleton.
The bullfrog skeleton closely misses you.
An ogre comes into view. It is wielding a +0 giant club.
The ogre shouts!
You hit the bullfrog skeleton.
The bullfrog skeleton completely misses you.
You riposte.
You hit the bullfrog skeleton. You slash the bullfrog skeleton!
You destroy the bullfrog skeleton!
You closely miss the orc wizard.
The orc wizard hits you but does no damage.
The orc hits you but does no damage.
You hit the orc wizard.
The orc wizard hits you with a cursed -1 dagger.
The orc hits you but does no damage. The orc barely misses you.
You miss the orc wizard.
The orc wizard points at you and mumbles some strange words.
You resist with some effort. The orc hits you with a +0 dagger.
The orc hits you but does no damage.
You hit the orc wizard but do no damage.
The orc wizard gestures at you while chanting.
The magic dart hits you. The orc hits you but does no damage.
The orc closely misses you.
You riposte.
You hit the orc.
You hit the orc wizard but do no damage.
The orc wizard hits you but does no damage.
The orc hits you but does no damage. The orc closely misses you.
You riposte.
You slash the orc!
You kill the orc!
You hit the orc wizard but do no damage.
The orc wizard barely misses you. The ogre hits you with a +0 giant club!
* * * LOW HITPOINT WARNING * * *
The orc hits you but does no damage. The orc wizard casts a spell at you.
You resist with some effort.
There is a stone staircase leading up, spattered with blood here.
The orc wizard points at you and mumbles some strange words.
You resist with some effort. The orc hits you but does no damage.
The ogre hits you with a +0 giant club!!
You die...

...... .#.....
....... .......
.......
.......###
#.....o).###+#+#
#.............
#....o@.......
#....O........
#.......####+#
..........
............
....#####....
..## ##.$. ....


You could see an ogre, an orc wizard and an orc.

Vanquished Creatures
  Sigmund (D:3)
  A hound (D:4)
  A bullfrog skeleton (D:4)
  Terence (D:2)
  Natasha (thrice) (D:3)
  4 adders
  An ooze (D:1)
  2 worms (D:2)
  A dart slug (D:2)
  A leopard gecko (D:1)
  7 orcs
  2 giant cockroaches
  4 goblins
  4 hobgoblins
  7 jackals (D:3)
  A quokka (D:3)
  3 bats
  7 frilled lizards
  3 kobolds
  4 rats
58 creatures vanquished.

Notes
Turn   | Place    | Note
-------+----------+-------------------------------------------
     0 | D:1      | MatthieuS the Human Gladiator began the quest for the Orb.
     0 | D:1      | Reached XP level 1. HP: 16/16 MP: 1/1
   150 | D:1      | Reached XP level 2. HP: 20/22 MP: 2/2
   774 | D:2      | Found a stormy altar of Qazlal.
  1095 | D:2      | Noticed Terence
  1104 | D:2      | Killed Terence
  1104 | D:2      | Reached skill level 4 in Long Blades
  1104 | D:2      | Reached XP level 3. HP: 22/27 MP: 3/3
  1333 | D:2      | Reached XP level 4. HP: 30/33 MP: 4/4
  1486 | D:2      | Found a snail-covered altar of Cheibriados.
  1486 | D:2      | Found a faded altar of an unknown god.
  1491 | D:2      | Found a faded altar of an unknown god.
  1493 | D:2      | Found a sparkling altar of Nemelex Xobeh.
  1494 | D:2      | Found an ancient bone altar of Kikubaaqudgha.
  1636 | D:2      | Reached skill level 5 in Long Blades
  2071 | D:3      | Noticed Purgy
  2232 | D:3      | Noticed Sigmund
  2260 | D:3      | Killed Sigmund
  2260 | D:3      | Reached skill level 6 in Long Blades
  2260 | D:3      | Reached XP level 5. HP: 32/38 MP: 5/5
  2260 | D:3      | Reached XP level 6. HP: 38/44 MP: 6/6
  2383 | D:3      | Noticed Natasha
  2391 | D:3      | Killed Natasha
  2489 | D:3      | Noticed Natasha
  2499 | D:3      | Killed Natasha
  2499 | D:3      | Reached skill level 7 in Long Blades
  3075 | D:3      | Noticed Natasha
  3081 | D:3      | Killed Natasha
  3081 | D:3      | Reached XP level 7. HP: 49/50 MP: 7/7
  3152 | D:4      | Slain by an ogre

Levels and vault maps discovered:
D:1:      psy_arrival_fountain, layout_loops_cross
D:2:      layout_loops_ring, chequers_temple_overflow_minitemple, first_ration,
          nicolae_qazlal_general_emergency, uniq_terence
D:3:      layout_loops_cross, nrook_uturn, minmay_misc_feat_square,
          minmay_misc_feat_columns, uniq_natasha, uniq_sigmund, uniq_purgy
D:4:      layout_basic, temple_statues, serial_shops, shop,
          okawaru_metal_pillars_1_2

Skill      XL: |  1  2  3  4  5  6 |
---------------+-------------------+-----
Long Blades    | 4 6 7 |  7.6
Fighting       | |  2.0
Throwing       | |  2.0
Dodging        | |  3.0

Action                   |  1- 3 |  4- 6 |  7- 9 || total
-------------------------+-------+-------+-------++-------
Melee: Long sword        |    39 |   127 |    15 ||   181
  Use: Scroll            |       |     5 |       ||     5
       Potion            |       |     3 |       ||     3
 Stab: Sleeping          |     2 |       |       ||     2
  Eat: Chunk             |     1 |     6 |       ||     7
Armor: Leather armour    |     2 |       |       ||     2
       Scale mail        |     1 |    56 |    15 ||    72
Dodge: Dodged            |    31 |    81 |    12 ||   124
       Rpst.: Long sword |    10 |    21 |     5 ||    36

Table legend:
 A = Non-vault XP
 B = Vault XP
 C = Vault XP percentage of total XP
 D = Non-vault monster count
 E = Vault monster count
 F = Vault count percentage of total count
                 A         B        C        D         E       F
            +---------+---------+-------+---------+---------+-------
      Total |     299 |     302 |  50.2 |      55 |       3 |   5.2
            +---------+---------+-------+---------+---------+-------
        D:1 |      20 |       0 |   0.0 |      10 |       0 |   0.0
        D:2 |      58 |      36 |  38.3 |      17 |       1 |   5.6
        D:3 |     139 |     266 |  65.7 |      25 |       2 |   7.4
        D:4 |      82 |       0 |   0.0 |       3 |       0 |   0.0
            +---------+---------+-------+---------+---------+-------
